AoeStats
← WonderbraM

Socotra

506711218Analyzed
2v2 RM · 17d ago on Sep 14, 2026· 48m 56s· 4 players
Game mode
Random Map
Map size
Tiny (2 player)
Population
200
Speed
Normal
Resources
Standard
Victory
Conquest
Starting age
Dark Age
Ending age
Imperial Age
RankedLock teamsTeams togetherTeam positionsShared explorationLock speedFull tech treeHidden civsTurbo modeCheats
Victory
Defeat
🇩🇪 Vietnamese · Germany
803
+14
🇨🇴 Poles · Colombia
777
+15
🇧🇪 Sicilians · Belgium
774
-16
🇧🇪 Huns · Belgium
723
-13
DD I ADLERHORSCHD
7:19 Loom
7:25 Loom
12:02 Feudal Age
12:45 Double-Bit Axe
13:18 Horse Collar
18:06 Gold Mining
18:43 Padded Archer Armor
18:34 Fletching
24:56 Castle Age
26:12 Crossbowman
27:00 Thumb Ring
28:57 Bow Saw
29:58 Stone Mining
30:47 Leather Archer Armor
30:31 Bodkin Arrow
35:14 Ballistics
35:49 Wheelbarrow
35:01 Town Watch
35:56 Stone Shaft Mining
36:40 Hand Cart
37:48 Leather Archer Armor
37:54 Scale Barding Armor
39:57 Chain Barding Armor
40:09 Bloodlines
39:21 Light Cavalry
40:01 Husbandry
48:25 Imperial Age
alejoc9302
0:37 Loom
15:10 Feudal Age
16:03 Town Watch
18:17 Bloodlines
20:39 Castle Age
18:33 Horse Collar
21:05 Wheelbarrow
20:24 Double-Bit Axe
21:38 Town Patrol
27:51 Forging
27:46 Scale Barding Armor
29:22 Iron Casting
28:56 Heavy Plow
30:43 Husbandry
37:35 Imperial Age
36:15 Fletching
37:12 Hand Cart
40:51 Chemistry
40:32 Cavalier
42:05 Light Cavalry
43:57 Chain Barding Armor
44:37 Blast Furnace
WonderbraM
0:28 Loom
12:29 Feudal Age
12:55 Double-Bit Axe
12:55 Horse Collar
18:19 Stone Mining
18:24 Gold Mining
20:39 Arson
22:55 Fletching
30:41 Castle Age
29:23 Forging
30:25 Wheelbarrow
30:29 Scale Mail Armor
31:05 Pikeman
31:36 Elite Skirmisher
36:21 Heavy Plow
36:35 Bow Saw
36:41 Bloodlines
38:48 Gold Shaft Mining
39:40 Gambesons
39:58 Squires
40:16 Chain Mail Armor
40:37 Iron Casting
40:17 Crossbowman
41:48 First Crusade
46:31 Imperial Age
46:05 Town Watch
46:36 Hand Cart
Amoe(BE)
11:54 Feudal Age
16:10 Bloodlines
18:19 Scale Barding Armor
19:22 Forging
19:33 Loom
21:27 Fletching
26:25 Castle Age
24:19 Double-Bit Axe
24:27 Gold Mining
26:56 Pikeman
27:34 Light Cavalry
29:26 Chain Barding Armor
30:36 Iron Casting
30:40 Husbandry
32:19 Bodkin Arrow
45:09 Imperial Age
42:54 Squires
43:46 Scale Mail Armor
45:57 Cavalier
Connection lost

Rejoining the realm…

Still unreachable

The connection could not be restored.

Session expired

The server has moved on; the page needs a fresh start.